 Dungeon Crawl Stone Soup version 0.28-a0-793-g31680bbd8b (webtiles) character file.

Game seed: 9590205163251675232

21 spiderkeys the Ducker (level 2, 0/14 HPs)
             Began as a Felid Abyssal Knight on Nov 4, 2021.
             Was a Follower of Lugonu.
             Slain by a kobold (4 damage)
             ... on level 2 of the Dungeon.
             The game lasted 00:03:19 (1598 turns).

spiderkeys the Ducker (Felid Abyssal Knight)        Turns: 1598, Time: 00:03:20

Health: 0/14       AC:  1    Str:  9    XL:     2   Next: 65%
Magic:  13/13      EV: 18    Int: 11    God:    Lugonu [*.....]
Gold:   51         SH:  0    Dex: 16    Spells: 1/1 levels left
                                        Lives:  0   Deaths: 0

rFire   . . .      SeeInvis +     - Unarmed
rCold   . . .      Faith    .   (shield unavailable)
rNeg    . . .      Spirit   .   (armour unavailable)
rPois   .          Reflect  .   (helmet unavailable)
rElec   .          Harm     .   (cloak unavailable)
rCorr   .          Rampage  .   (gloves unavailable)
Will    .....                   (boots unavailable)
Stlth   ++........              (no amulet)
HPRegen 0.04/turn               W - ring of magical power
MPRegen 0.13/turn               (no ring)

@: quick
A: very small, claws 1, fangs 3, see invisible, speed 1, shaggy fur 1, stealthy
paws, no weapons or thrown items, no armour, multi-lived
a: Renounce Religion, Depart the Abyss


You were on level 2 of the Dungeon.
You worshipped Lugonu.
Lugonu was aware of your devotion.
You visited 1 branch of the dungeon, and saw 2 of its levels.
You visited the Abyss 1 time.

You collected 51 gold pieces.


Innate Abilities, Weirdness & Mutations

You have sharp claws.
You have razor-sharp teeth.
You have supernaturally acute eyesight. (SInv)
You cover ground quickly. (Speed+)
You are covered in fur. (AC +1)
Your paws help you pounce on unaware monsters.
You are incapable of wielding weapons or throwing items.
You cannot wear armour.
You gain extra lives every three experience levels.


   Skills:
 + Level 3.2 Fighting
 + Level 3.5 Dodging
 + Level 1.3 Stealth
 + Level 2.3 Unarmed Combat
 + Level 2.1 Invocations


You had one spell level left.
You didn't know any spells.
Your spell library contained the following spells:

 Spells                   Type           Power      Damage    Failure   Level
 Passwall                 Tmut/Erth      0%         N/A       47%         2
 Swiftness                Air            0%         N/A       71%         3
 Olgreb's Toxic Radiance  Pois           0%         N/A       98%         4
 Invisibility             Hex            0%         N/A       100%        6
 Ozocubu's Refrigeration  Ice            0%         4d5       100%        7
 Ignition                 Fire           0%         3d3       100%        8

Inventory:

Jewellery
 W - a ring of magical power (left paw)
   (You found it on level 1 of the Dungeon)
Scrolls
 a - 2 scrolls of identify {@r1}
 b - a scroll of enchant armour
 d - 2 scrolls of enchant weapon
 f - a scroll of teleportation {@r4}
 h - 2 scrolls of magic mapping {unknown}
Potions
 c - a potion of ambrosia {unknown}
 e - 2 potions of invisibility {unknown}
 g - a potion of curing {unknown}

Dungeon Overview and Level Annotations

Branches:
Dungeon (2/15)

Altars:
Fedhas

### ..# #. #.# #.# #.#
#.# #.# #.# #.#
##.#######.#############
.......w.....w.K@.......
##.....#.####†##########
.....#.#.# #.######
.....#.#.####......#####
.......#...............#
....#..#####...........#
....#..# #...........+
...=#..# #...........#
######.# #...........#


You could see a worm and a kobold.


Message History

There is an open door here.
You open the door. You open the door.
There is an open door here.
You open the door.
There is an open door here.
Key pressed, stopping explore.
Key pressed, stopping explore.
There is an open door here.
You open the door.
There is an open door here.
There is an open door here.
There is an open door here.
Key pressed, stopping explore.
There is an open door here.
Done exploring.
Done exploring.
There is an open door here.
There is a stone staircase leading down here.
You climb downwards.
Found 12 gold pieces and a scroll labelled PIVONO VECHEURILE.
Found an escape hatch in the floor.
There is a stone staircase leading up here.
Found a blossoming altar of Fedhas.
No target in view!
No target in view!
No target in view!
No target in view!
No target in view!
You now have 51 gold pieces (gained 12).
h - 2 scrolls labelled PIVONO VECHEURILE (gained 1)
Found an escape hatch in the ceiling.
a - 3 scrolls of identify {@r1} (gained 1) Key pressed, stopping explore.
A dart slug comes into view.
The helpless dart slug fails to defend itself.
You scratch the dart slug. You scratch the dart slug.
The dart slug closely misses you.
A dart slug is nearby!
You scratch the dart slug but do no damage.
You bite the dart slug.
You kill the dart slug!
Lugonu accepts your kill.
Key pressed, stopping explore.
No target in view!
A bat comes into view.
A bat is nearby!
You pounce on the unaware helpless bat!
You claw the bat!
You kill the bat!
Lugonu accepts your kill.
No target in view!
No target in view!
You see here a bat corpse.
An orc comes into view. It is wielding a +0 short sword.
An orc is nearby!
An orc is nearby!
A worm comes into view.
Found a stone staircase leading up.
The orc shouts!
You hear an angry hiss.
A ball python comes into view.
The orc closely misses you.
You closely miss the orc. The orc completely misses you.
You closely miss the orc. The worm misses you. The orc closely misses you.
A kobold comes into view. It is wielding a +0 short sword.
The kobold shouts!
You scratch the orc. The orc misses you. The worm bites you!
Ouch! That really hurt!
* * * LOW HITPOINT WARNING * * *
😨 HP[-9]
You take 9 damage, and now have 5/14 hp.
MASSIVE DAMAGE!! (PAUSE)
You aren't carrying any items that you can evoke.
As you read the scroll of identify {@r1}, it crumbles to dust.
d - 2 scrolls of enchant weapon The ball python barely misses you.
The ball python grabs you. The ball python constricts you.
* * * LOW HITPOINT WARNING * * *
😨 HP[-1]
You take 1 damage, and now have 4/14 hp.
Okay, then.
You barely miss the ball python. The ball python misses you.
The ball python constricts you.
* * * LOW HITPOINT WARNING * * *
You scratch the ball python.
You kill the ball python!
Lugonu accepts your kill.
You closely miss the orc. You scratch the orc but do no damage.
The orc misses you.
You scratch the orc.
You kill the orc!
Lugonu accepts your kill.
You scratch the kobold but do no damage.
The kobold completely misses you.
You barely miss the kobold. You bite the kobold, but do no damage.
The kobold closely misses you.
You scratch the kobold but do no damage.
You bite the kobold, but do no damage.
The kobold hits you with a +0 short sword.
You die...

Skill      XL: |  1  2 |
---------------+-------+-----
Invocations    | 2 |  2.1
Stealth        | 1 |  1.3
Fighting       | |  3.2
Dodging        | |  3.5
Unarmed Combat | |  2.3

Action                   || total
-------------------------++-------
Melee: Unarmed           ||    50
       Bite              ||     8
Invok: Depart the Abyss  ||     1
  Use: Scroll            ||     4
 Stab: Sleeping          ||     4
Armor: Skin              ||     3
Dodge: Dodged            ||    51

Levels and vault maps discovered:
D:1:      mrwooster_arrival_statue, layout_basic, feat_on_display
D:2:      layout_basic, basic_altar

Notes
Turn   | Place    | Note
-------+----------+-------------------------------------------
     0 | Abyss:1  | spiderkeys the Felid Abyssal Knight began the quest for the
                  | Orb.
     0 | Abyss:1  | Reached XP level 1. HP: 10/10 MP: 3/3
     0 | Abyss:1  | magus.rc [v1.9.10]
    43 | Abyss:2  | Noticed a quasit
    62 | Abyss:2  | Noticed a small abomination
    74 | Abyss:2  | Noticed a small abomination
   144 | Abyss:2  | Noticed a large abomination
   199 | Abyss:2  | Noticed an ancient zyme
   212 | Abyss:2  | Noticed a large abomination
   232 | Abyss:2  | Noticed a spatial vortex
   232 | Abyss:2  | Noticed a spatial vortex
   237 | Abyss:2  | Noticed a small abomination
   237 | Abyss:2  | Noticed a spatial vortex
   242 | Abyss:2  | You add the spells Olgreb's Toxic Radiance, Ozocubu's
                  | Refrigeration and Ignition to your library.
   242 | Abyss:2  | Noticed a spatial vortex
   254 | Abyss:2  | Noticed a small abomination
   270 | Abyss:2  | Noticed a starcursed mass
   284 | Abyss:2  | Noticed a bone dragon
   284 | Abyss:2  | Noticed a golden eye
   290 | D:1      | You pass through the gate.
   290 | D:1      | Escaped the Abyss
   595 | D:1      | You pick up a book of Burglary and begin reading...
   595 | D:1      | You add the spells Passwall, Swiftness and Invisibility to
                  | your library.
   865 | D:1      | Reached skill level 2 in Invocations
   865 | D:1      | Reached XP level 2. HP: 14/14 MP: 3/4
   869 | D:1      | Reached skill level 1 in Stealth
  1094 | D:1      | Reached * piety under Lugonu
  1487 | D:2      | Found a blossoming altar of Fedhas.
  1598 | D:2      | Slain by a kobold

Vanquished Creatures
  A dart slug (D:2)
  An orc (D:2)
  4 ball pythons
  2 bats
  3 endoplasms (D:1)
  A giant cockroach (D:1)
  A goblin (D:1)
  2 frilled lizards (D:1)
  2 rats (D:1)
17 creatures vanquished.

Table legend:
 A = Non-vault XP
 B = Vault XP
 C = Vault XP percentage of total XP
 D = Non-vault monster count
 E = Vault monster count
 F = Vault count percentage of total count
                 A         B        C        D         E       F
            +---------+---------+-------+---------+---------+-------
      Total |      31 |       0 |   0.0 |      17 |       0 |   0.0
            +---------+---------+-------+---------+---------+-------
        D:1 |      22 |       0 |   0.0 |      13 |       0 |   0.0
        D:2 |       9 |       0 |   0.0 |       4 |       0 |   0.0
            +---------+---------+-------+---------+---------+-------

Illustrated notes

Table legend:
 A = Kills in this place as a percentage of kills in entire the game.
 B = Kills by you in this place as a percentage of kills by you in the entire game.
 C = Kills by friends in this place as a percentage of kills by friends in the entire game.
 D = Other kills in this place as a percentage of other kills in the entire game.
 E = Experience gained in this place as a percentage of experience gained in the entire game.
 F = Experience gained in this place divided by the number of levels of this place that you have seen.
                   A       B       C       D       E      F
               +-------+-------+-------+-------+-------+----------------------
         Total | 100.0 | 100.0 |   N/A |   N/A | 100.0 |   7.8
       Dungeon | 100.0 | 100.0 |   N/A |   N/A | 100.0 |  15.5
               +-------+-------+-------+-------+-------+----------------------

Table legend: (Time is in decaauts)
 A = Elapsed time spent in this place.
 B = Non-inter-level travel time spent in this place.
 C = Inter-level travel time spent in this place.
 D = Time resting spent in this place.
 E = Time spent auto-exploring this place.
 F = Levels seen in this place.
 G = Mean time per level.
                   A        B        C        D        E       F      G
               +--------+--------+--------+--------+--------+-----+--------+
         Total |   1375 |   1342 |     33 |      0 |   1007 |   4 |  343.8 |
       Dungeon |   1141 |   1108 |     33 |      0 |    981 |   2 |  570.5 |
         Abyss |    233 |    233 |      0 |      0 |     26 |   2 |  116.5 |
               +--------+--------+--------+--------+--------+-----+--------+

Top non-repeatable levels by time:
     D:1: 1048 daAuts
 Abyss:2: 213 daAuts
     D:2: 92 daAuts
 Abyss:1: 20 daAuts
